 Dungeon Crawl Stone Soup version 0.27-a0-1149-g4505690ab0 (webtiles) character file.

Game seed: 10824644842372314825

191 leviel the Skirmisher (level 5, -9/50 HPs)
             Began as a Minotaur Monk on May 14, 2021.
             Mangled by Edmund
             ... wielding a +6 dire flail of holy wrath
              (11 damage)
             ... on level 4 of the Dungeon.
             The game lasted 00:03:23 (3669 turns).

leviel the Skirmisher (Minotaur Monk)               Turns: 3669, Time: 00:03:23

Health: -9/50      AC:  5    Str: 17    XL:     5   Next: 41%
Magic:  4/4        EV: 11    Int:  7    God:
Gold:   108        SH:  0    Dex: 12    Spells: 4/4 levels left

rFire    . . .     SeeInvis .   j - +1 dagger (venom)
rCold    . . .     Faith    .   (no shield)
rNeg     . . .     Spirit   .   m - +0 ring mail
rPois    .         Reflect  .   (helmet restricted)
rElec    .         Harm     .   (no cloak)
rCorr    .         Rampage  .   (no gloves)
Will     .....                  (no boots)
Stlth    +.........             (no amulet)
HPRegen  0.16/turn              (no ring)
MPRegen  0.09/turn              (no ring)

@: no status effects
A: horns 2, retaliatory headbutt
a: no special abilities


You were on level 4 of the Dungeon.
You visited 1 branch of the dungeon, and saw 4 of its levels.

You collected 108 gold pieces.

Inventory:

Hand Weapons
 a - a +0 hand axe
 j - a +1 dagger of venom (weapon)
Armour
 m - a +0 ring mail (worn)
Scrolls
 e - a scroll of summoning {unknown}
 f - a scroll of noise {unknown}
 g - 2 scrolls of immolation {unknown}
 h - a scroll of acquirement {unknown}
 k - a scroll of identify {unknown}
Potions
 b - a potion of heal wounds {unknown}
 c - 2 potions of curing {unknown}
 i - 3 potions of might {unknown}
 l - 2 potions of degeneration {unknown}


   Skills:
 + Level 5.7 Fighting
 + Level 5.7 Axes
 - Level 3.5 Dodging
 - Level 1.5 Stealth


You had 4 spell levels left.
You didn't know any spells.
Your spell library was empty.

Dungeon Overview and Level Annotations

Branches:
Dungeon (4/15)
 Temple: D:4-7

Altars:

Annotations:
D:4 Edmund


Innate Abilities, Weirdness & Mutations

You have a pair of horns on your head.
You reflexively headbutt those who attack you in melee.


Message History

You hit the gnoll.
The gnoll looks as sick as possible!
The gnoll is moderately wounded.
The gnoll closely misses you.
There are monsters nearby!
There are monsters nearby!
You hit the gnoll.
The gnoll looks as sick as possible!
The gnoll is severely wounded.
You kill the gnoll!
The gnoll hits you but does no damage. The gnoll completely misses you.
You furiously retaliate!
You headbutt the gnoll. The gnoll hits you but does no damage.
The gnoll barely misses you.
You hit Edmund but do no damage. Edmund closely misses you.
You furiously retaliate!
You headbutt Edmund, but do no damage. You hit Edmund but do no damage.
Edmund is poisoned.
Edmund hits you with a +6 dire flail of holy wrath.
You hit Edmund but do no damage.
Edmund looks as sick as possible!
You headbutt Edmund.
Edmund is lightly wounded.
The gnoll hits you from afar with a +0 spear.
Edmund closely misses you.
You barely miss Edmund.
Edmund is lightly wounded.
The gnoll hits you from afar with a +0 spear.
Edmund misses you.
Edmund says, "People accused me of being a cutpurse!"
You barely miss Edmund.
Edmund is moderately wounded.
Edmund hits you with a +6 dire flail of holy wrath!
You hit Edmund but do no damage.
Edmund looks as sick as possible!
You headbutt Edmund.
Edmund is moderately wounded.
Edmund hits you with a +6 dire flail of holy wrath.
You hit Edmund but do no damage.
Edmund looks as sick as possible!
Edmund is heavily wounded.
The gnoll hits you from afar with a +0 spear!
Edmund hits you with a +6 dire flail of holy wrath!!
* * * LOW HITPOINT WARNING * * *
Edmund hits you with a +6 dire flail of holy wrath!
You die...

###### ######### #....#
#.......# #....#
#.......# #....#
#.......###....#
#........##....#
#........##..@.##
#....†...#....@.#
########....#.####.#
............#.####g######
..................g....>#
........##'####.........#
........#...........###.#
........#..####.###.# #.#
........#..#....###.# #.#


You could see Edmund (extremely poisoned) and a gnoll.

Vanquished Creatures
  8 gnolls
  4 adders
  An ufetubus (D:4)
  An adder skeleton (D:4)
  A worm (D:2)
  A dart slug (D:2)
  2 orcs
  4 endoplasms
  5 giant cockroaches
  7 goblins
  4 hobgoblins
  4 kobolds
  2 quokkas (D:1)
  3 ball pythons
  5 bats
  13 frilled lizards
  4 rats
69 creatures vanquished.

Vanquished Creatures (others)
  19 plants
19 creatures vanquished.

Grand Total: 88 creatures vanquished

Notes
Turn   | Place    | Note
-------+----------+-------------------------------------------
     0 | D:1      | leviel the Minotaur Monk began the quest for the Orb.
     0 | D:1      | Reached XP level 1. HP: 19/19 MP: 0/0
   292 | D:1      | Reached XP level 2. HP: 9/27 MP: 1/1
   652 | D:1      | Reached XP level 3. HP: 21/34 MP: 2/2
  1399 | D:2      | Reached XP level 4. HP: 30/41 MP: 3/3
  1410 | D:2      | Reached skill level 5 in Fighting
  1410 | D:2      | Reached skill level 5 in Axes
  2937 | D:3      | Reached XP level 5. HP: 48/48 MP: 4/4
  2939 | D:3      | Found a faded altar of an unknown god.
  3632 | D:4      | Noticed Edmund
  3666 | D:4      | HP: 2/50 [Edmund/+6 dire flail of holy wrath (18)]
  3669 | D:4      | Mangled by Edmund

Illustrated notes

Levels and vault maps discovered:
D:1:      lightli_arrival_isolated_outpost, layout_basic, minmay_lizard_pond
D:2:      layout_loops_cross, hex_tiny, serial_bayou_ford_a
D:3:      layout_loops_ring, hellmonk_ecumenical_altar_arch_garden
D:4:      layout_basic, kennysheep_big_empty_room, serial_bayou_lagoon_a,
          minmay_fractal_squares_gapless_5, uniq_edmund

Skill      XL: |  1  2  3  4 |
---------------+-------------+-----
Fighting       | 4 5 |  5.7
Axes           | 4 5 |  5.7
Dodging        | |  3.5
Stealth        | |  1.5

Action                   |  1- 3 |  4- 6 || total
-------------------------+-------+-------++-------
Melee: Hand axe          |    62 |    52 ||   114
       Headbutt          |     7 |    16 ||    23
       Dagger            |       |    53 ||    53
 Stab: Sleeping          |     1 |     2 ||     3
Armor: Leather armour    |     8 |     9 ||    17
       Ring mail         |       |    12 ||    12
Dodge: Dodged            |    46 |    56 ||   102

Table legend: (Time is in decaauts)
 A = Elapsed time spent in this place.
 B = Non-inter-level travel time spent in this place.
 C = Inter-level travel time spent in this place.
 D = Time resting spent in this place.
 E = Time spent auto-exploring this place.
 F = Levels seen in this place.
 G = Mean time per level.
                   A        B        C        D        E       F      G
               +--------+--------+--------+--------+--------+-----+--------+
         Total |   3700 |   3588 |    112 |    864 |   2311 |   4 |  925.0 |
       Dungeon |   3700 |   3588 |    112 |    864 |   2311 |   4 |  925.0 |
               +--------+--------+--------+--------+--------+-----+--------+

Top non-repeatable levels by time:
     D:2: 1275 daAuts
     D:1: 1128 daAuts
     D:3: 1107 daAuts
     D:4: 188 daAuts
